 Dungeon Crawl Stone Soup version 0.18-b1-16-g289874d (webtiles) character file.

405 Krapule the Sneak (level 6, 0/41 HPs)
             Began as an Octopode Transmuter on May 1, 2016.
             Slain by a centaur (10 damage)
             ... on level 5 of the Dungeon.
             The game lasted 00:13:35 (4223 turns).

Krapule the Sneak (Octopode Transmuter)             Turns: 4223, Time: 00:13:36

Health: 0/41       AC:  1    Str:  9    XL:     6   Next: 87%
Magic:  9/11       EV: 13    Int: 16    God:
Gold:   258        SH:  3    Dex: 14    Spells: 2 memorised, 6 levels left

rFire  . . .     SeeInvis .       - Unarmed
rCold  . . .     Gourm    .     (no shield)
rNeg   . . .     Faith    .     (helmet restricted)
rPois  .         Spirit   .     i - +3 amulet of reflection
rElec  .         Dismiss  .     (no ring)
rCorr  .         Reflect  +     (no ring)
SustAt .         Harm     .     (no ring)
MR     .....                    (no ring)
Stlth  ++++......               (no ring)
                                (no ring)
                                (no ring)
                                (no ring)

@: very slightly contaminated, not resistant to hostile enchantments, stealthy
A: almost no armour, amphibious, 8 rings, constrict 8, camouflage 1, gelatinous
body 1
a: no special abilities


You were on level 5 of the Dungeon.
You were not hungry.

You visited 1 branch of the dungeon, and saw 5 of its levels.

You collected 258 gold pieces.

Inventory:

Missiles
 a - 52 arrows
Jewellery
 i - a +3 amulet of reflection (around mantle)
Scrolls
 d - a scroll of fear
 j - 2 scrolls of remove curse
 m - a scroll of identify
 n - a scroll of magic mapping
 p - a scroll of fog {unknown}
Potions
 g - 5 potions of curing
 o - a potion of agility {unknown}
 r - a potion of haste {unknown}
 s - a potion of mutation {unknown}
 u - a potion of ambrosia {unknown}
Books
 b - a book of Changes

   Spells                             Type                      Level
   a - Beastly Appendage              Transmutation                1
   b - Sticks to Snakes               Transmutation                2
   c - Spider Form                    Transmutation/Poison         3
   d - Ice Form                       Ice/Transmutation            4
   e - Blade Hands                    Transmutation                5
Comestibles
 c - 2 bread rations
 q - a royal jelly
 t - a chunk of flesh


   Skills:
 + Level 2.7 Fighting
 + Level 3.7 Dodging
 + Level 3.8 Stealth
 - Level 3.0 Unarmed Combat
 + Level 3.4 Spellcasting
 + Level 3.7 Transmutations


You had 6 spell levels left.
You knew the following spells:

 Your Spells              Type           Power        Failure   Level  Hunger
b - Sticks to Snakes      Trmt           ##......     8%          2    ##.....
c - Spider Form           Trmt/Pois      #.........   28%         3    ###....


Dungeon Overview and Level Annotations

Branches:
Dungeon (5/15)
 Temple: D:4-7

Altars:
Dithmenos
Elyvilon
Fedhas
Gozag
Nemelex Xobeh
Sif Muna

Shops:
D:4 (


Innate Abilities, Weirdness & Mutations

You cannot wear most types of armour.
You are amphibious.
You can wear up to eight rings at the same time.
You can use your tentacles to constrict eight enemies at once.
Your skin changes colour to match your surroundings (Stealth).
Your rubbery body absorbs attacks (AC +1).


Message History

The centaur barely misses you. The centaur hits you.
Casting: Spider Form
Confirm with . or Enter, or press ? or * to list all spells.
Okay, then.
Casting: Spider Form
Confirm with . or Enter, or press ? or * to list all spells.
You create a snake!
You now have 52 arrows.
The centaur closely misses you.
You tentacle-slap the centaur.
The centaur is severely wounded.
The centaur closely misses you. The centaur misses you.
Your ball python bites the centaur but does no damage.
You barely miss the centaur.
The centaur is severely wounded.
The centaur hits you.
* * * LOW HITPOINT WARNING * * *
Your ball python barely misses the centaur.
You tentacle-slap the centaur but do no damage.
The centaur is severely wounded.
The centaur hits you!
You die...

#......#
#......#
#......#
#......#
#......#
#.S....#
#c.....#
#@.....#
#......#
#(.....#
#......#
+......#
#<.....#
########


You could see a centaur and a friendly ball python.

Vanquished Creatures
  An ogre (D:4)
  2 giant frogs
  A giant frog skeleton (D:4)
  An orc priest (D:4)
  6 adders
  A worm (D:2)
  A dart slug (D:1)
  4 giant geckos
  10 orcs
  4 bats
  3 giant cockroaches
  7 goblins
  7 hobgoblins
  2 jackals (D:3)
  3 quokkas (D:4)
  A ball python (D:3)
  A giant newt (D:3)
  A jackal skeleton (D:4)
  6 kobolds
  7 rats
69 creatures vanquished.

Notes
Turn   | Place    | Note
--------------------------------------------------------------
     0 | D:1      | Krapule the Octopode Transmuter began the quest for the Orb.
     0 | D:1      | Reached XP level 1. HP: 13/13 MP: 3/3
   139 | D:1      | Reached XP level 2. HP: 15/18 MP: 5/5
   342 | D:1      | Reached skill level 1 in Stealth
   610 | D:1      | Learned a level 2 spell: Sticks to Snakes
   960 | D:2      | Reached XP level 3. HP: 18/23 MP: 6/6
  1170 | D:2      | Found a faded altar to an unknown god.
  1989 | D:3      | Found a deep blue altar of Sif Muna.
  2000 | D:3      | Found an opulent altar of Gozag.
  2051 | D:3      | Noticed a giant frog
  2072 | D:3      | Killed a giant frog
  2072 | D:3      | Reached XP level 4. HP: 5/29 MP: 6/8
  2072 | D:3      | Reached XP level 5. HP: 6/34 MP: 6/9
  2639 | D:3      | Found a blossoming altar of Fedhas.
  3349 | D:4      | Found Namixko's Antique Weapon Shop.
  3383 | D:4      | Reached XP level 6. HP: 16/39 MP: 10/10
  3648 | D:4      | Found a sparkling altar of Nemelex Xobeh.
  3691 | D:4      | Found a shadowy altar of Dithmenos.
  3784 | D:4      | Learned a level 3 spell: Spider Form
  3874 | D:4      | Found a sparkling altar of Nemelex Xobeh.
  4010 | D:4      | Found a white marble altar of Elyvilon.
  4210 | D:5      | Entered Level 5 of the Dungeon
  4223 | D:5      | Slain by a centaur

Skill      XL: |  1  2  3  4  5 |
---------------+----------------+-----
Stealth        | 1 2 3 |  3.8
Dodging        | 3 |  3.7
Transmutations | 3 |  3.7
Fighting       | 2 |  2.7
Spellcasting   | 3 |  3.4
Unarmed Combat | |  3.0

Action                   |  1- 3 |  4- 6 || total
-------------------------+-------+-------++-------
Melee: Unarmed           |    83 |   110 ||   193
       Constrict         |    22 |    24 ||    46
       Tentacles         |    11 |    12 ||    23
       Punch             |     1 |     1 ||     2
 Cast: Spider Form       |       |     3 ||     3
       Sticks to Snakes  |       |     3 ||     3
  Use: Scroll            |       |     9 ||     9
 Stab: Sleeping          |     8 |     5 ||    13
       Distracted        |     1 |       ||     1
  Eat: Chunk             |     2 |     2 ||     4
       Meat ration       |       |     1 ||     1
       Beef jerky        |       |     1 ||     1
Armor: Skin              |     5 |     4 ||     9
Dodge: Dodged            |    33 |    65 ||    98
Block: Other             |     2 |    12 ||    14
